Map: Galactic Process LE

Players

Rabid - Winner!

  • Race: Terran Terran

A.I. 1 (Harder)

  • Race: Protoss Protoss

VOD

Have the link to the VOD?

Description

Time

  • Played on: July 13, 2016, 12:39 a.m.
  • Length: 13:11
Show
View Real Time Build Order
Export as new Build Order

Rabid Terran - Winner!

Build Orders: Mech 

Get SALT Encoding   

  12  0:00  SCV  
  13  0:15  Supply Depot  
  13  0:18  SCV  
  14  0:30  SCV  
  14  0:31  Refinery  
  15  0:42  SCV  
  16  0:47  Barracks  
  16  0:54  SCV  
  17  1:06  SCV  
  18  1:18  SCV  
  18  1:21  Refinery  
  20  1:34  Orbital Command  
  19  1:50  Factory  
  19  2:01  Barracks Tech Lab  
  19  2:03  SCV  
  20  2:14  Supply Depot  
  20  2:22  SCV  
  21  2:34  SCV  
  22  2:42  Siege Tank  
  22  2:43  Marine, Command Center  
  25  2:46  SCV  
  26  2:58  SCV  
  27  3:03  Marine  
  28  3:09  Factory  
  28  3:10  SCV  
  29  3:22  SCV  
  30  3:29  Marine  
  30  3:34  Bunker  
  31  3:35  Supply Depot  
  31  3:54  Marine  
  31  3:55  Factory Tech Lab, SCV, Siege Tank  
  36  3:59  Orbital Command  
  36  4:04  Refinery  
  36  4:07  SCV  
  37  4:19  SCV  
  37  4:20  Siege Tank  
  42  4:26  Barracks Tech Lab  
  42  4:27  SCV  
  42  4:31  SCV  
  43  4:39  SCV  
  43  4:40  Refinery  
  43  4:43  SCV  
  45  4:51  SCV  
  46  4:53  Siege Tank x2  
  46  4:54  Starport  
  46  4:55  Marauder  
  46  4:56  Concussive Shells  
  54  5:11  Factory  
  54  5:16  SCV  
  54  5:17  Supply Depot  
  54  5:19  Marauder  
  57  5:26  SCV  
  59  5:28  SCV, Liberator  
  59  5:38  SCV  
  59  5:41  Marauder  
  65  5:50  Cyclone  
  65  5:53  SCV  
  65  5:54  Supply Depot  
  70  5:57  Supply Depot  
  70  6:11  Liberator  
  70  6:16  SCV x2, Cyclone  
  76  6:21  Factory Tech Lab  
  76  6:26  Command Center, Cyclone  
  76  6:28  SCV x2  
  85  6:40  SCV  
  86  7:17  Siege Tank  
  86  7:18  SCV, Marauder  
  86  7:19  SCV, Siege Tank  
  86  7:20  Viking  
  79  7:25  Siege Tank  
  69  7:31  SCV  
  69  7:33  Liberator  
  70  7:44  SCV  
  74  8:00  Siege Tank  
  74  8:01  Siege Tank x2  
  74  8:02  Marauder  
  85  8:10  Barracks  
  85  8:12  Barracks  
  85  8:14  Orbital Command  
  85  8:18  SCV x2  
  87  8:21  Refinery  
  87  8:30  SCV  
  87  8:32  Viking  
  89  8:36  Refinery, Siege Tank  
  89  8:37  Siege Tank x2  
  89  8:40  Marauder  
  100  8:44  SCV  
  100  8:48  Engineering Bay  
  101  9:00  Supply Depot  
  101  9:03  Supply Depot  
  101  9:04  Barracks Reactor x2  
  101  9:05  Supply Depot  
  101  9:07  Starport Tech Lab  
  101  9:09  Starport Reactor  
  101  9:13  SCV x2  
  93  9:30  Siege Tank  
  93  9:31  Siege Tank x2  
  102  9:33  Marauder  
  104  9:43  Supply Depot  
  104  9:44  Marine  
  104  9:45  Marine x3  
  107  9:48  Stimpack  
  107  9:49  Medivac x2  
  107  9:52  SCV  
  113  10:00  Terran Infantry Weapons Level 1  
  113  10:01  SCV  
  113  10:03  Siege Tank x2  
  120  10:10  Marine x3  
  120  10:11  Supply Depot, Marine  
  120  10:12  Marauder  
  126  10:16  Siege Tank  
  129  10:29  Marine x2  
  129  10:30  Marine x2  
  129  10:33  Marine  
  129  10:35  Siege Tank  
  137  10:46  Siege Tank  
  137  10:47  Marine  
  141  11:01  Siege Tank  
  141  11:08  Marauder  
  141  11:11  Marine  
  141  11:27  Marine x3  
  141  11:46  Marine  
  141  11:49  Marine  
  141  11:51  Marine x3  
  141  11:57  Widow Mine  
  141  12:06  Marine  
  141  12:09  Marine x2, Widow Mine  
  141  12:10  Marine x2, Medivac x2, Siege Tank  
  153  12:24  Marine  
  153  12:27  Marine x2  
  153  12:28  Marine x2  
  158  12:36  Siege Tank  
  159  12:39  Siege Tank  
  159  12:42  Marine  
  166  12:45  Marine x4  
Show
View Real Time Build Order
Export as new Build Order

A.I. 1 (Harder) Protoss 

Build Orders:  

Get SALT Encoding   

  12  0:01  Probe (Chrono Boost)  
  13  0:11  Probe (Chrono Boost)  
  14  0:19  Pylon  
  14  0:22  Probe (Chrono Boost)  
  15  0:37  Probe (Chrono Boost)  
  15  0:40  Gateway  
  16  0:47  Assimilator  
  16  0:48  Probe (Chrono Boost)  
  17  0:59  Probe (Chrono Boost)  
  17  1:00  Pylon  
  18  1:09  Probe (Chrono Boost)  
  19  1:22  Probe (Chrono Boost)  
  20  1:25  Zealot  
  20  1:31  Cybernetics Core  
  22  1:43  Gateway  
  22  1:47  Assimilator  
  22  1:50  Zealot  
  24  2:02  Pylon  
  24  2:03  Warp Gate  
  24  2:15  Zealot  
  26  2:29  Zealot  
  28  2:42  Stalker  
  30  2:50  Pylon  
  30  2:55  Stalker  
  32  3:02  Probe (Chrono Boost)  
  33  3:10  Stalker  
  35  3:14  Probe (Chrono Boost)  
  36  3:20  Pylon  
  36  3:24  Adept  
  36  3:26  Probe (Chrono Boost)  
  39  3:31  Forge  
  39  3:37  Probe (Chrono Boost)  
  39  3:38  Zealot  
  43  3:49  Probe (Chrono Boost)  
  43  4:01  Probe (Chrono Boost)  
  44  4:14  Probe (Chrono Boost)  
  44  4:41  Protoss Ground Weapons Level 1  
  44  4:45  Stalker  
  46  4:47  Gateway  
  46  4:50  Pylon  
  46  4:52  Sentry  
  48  5:00  Nexus  
  48  5:07  Stalker  
  50  5:15  Stalker  
  50  5:21  Twilight Council  
  50  5:29  Stalker  
  52  5:38  Stalker  
  54  5:46  Stalker  
  56  5:51  Blink  
  56  5:53  Sentry  
  56  5:56  Pylon  
  58  6:01  Robotics Facility  
  58  6:05  Adept  
  60  6:16  Probe (Chrono Boost)  
  61  6:21  Probe (Chrono Boost)  
  62  6:27  Probe (Chrono Boost)  
  62  6:28  Protoss Ground Armor Level 1  
  64  6:33  Probe (Chrono Boost)  
  64  6:39  Probe (Chrono Boost)  
  65  6:43  Photon Cannon, Probe (Chrono Boost)  
  66  6:48  Observer  
  66  6:50  Probe (Chrono Boost)  
  69  6:54  Photon Cannon  
  69  6:55  Probe (Chrono Boost)  
  69  7:02  Probe (Chrono Boost)  
  69  7:03  Pylon  
  69  7:06  Probe (Chrono Boost)  
  69  7:08  Observer  
  70  7:10  Pylon  
  70  7:13  Sentry  
  70  7:14  Probe (Chrono Boost)  
  72  7:18  Probe (Chrono Boost)  
  72  7:21  Stalker  
  69  7:26  Probe (Chrono Boost)  
  69  7:29  Stalker  
  71  7:30  Probe (Chrono Boost)  
  71  7:36  Photon Cannon  
  72  7:38  Probe (Chrono Boost)  
  72  7:42  Probe (Chrono Boost)  
  73  7:44  Photon Cannon  
  73  7:49  Probe (Chrono Boost)  
  73  7:51  Stargate  
  74  7:58  Forge  
  74  8:13  Assimilator  
  74  8:18  Assimilator  
  74  8:40  Void Ray  
  76  8:41  Probe x2 (Chrono Boost)  
  76  8:45  Warp Prism  
  76  8:47  Gateway  
  80  8:50  Robotics Facility  
  80  8:53  Stargate  
  82  8:56  Nexus  
  82  9:04  Robotics Bay  
  68  9:21  Stalker  
  68  9:24  Warp Prism  
  54  9:30  Sentry  
  58  9:39  Gateway  
  58  9:43  Warp Prism  
  58  9:47  Stargate  
  58  9:51  Zealot  
  62  9:58  Observer  
  62  10:01  Stalker  
  65  10:10  Stalker  
  67  10:19  Sentry, Assimilator  
  69  10:23  Colossus  
  69  10:24  Assimilator  
  69  10:33  Void Ray  
  79  10:43  Void Ray  
  83  10:52  Colossus  
  73  11:06  Zealot  
  73  11:10  Zealot  
  73  11:11  Zealot x2  
  79  11:15  Zealot  
  79  11:16  Mothership Core (Chrono Boost)  
  75  11:25  Stalker  
  75  11:29  Zealot  
  64  11:39  Sentry  
  53  11:48  Stalker  
  31  12:07  Stalker  
  24  12:16  Pylon  
  24  12:17  Stalker  
  14  13:04  Nexus  
Tags
 
Composition
Mech
Matchup
PvT
Replay Pack
Ruins of Endion
Add a new tag
Caveats
  • Supply blocks, unpowered buildings, or Contaminate may cause inaccurate times.
  • Supply counts are checked every 10 seconds.